Map: Ultralove

Players

Imperius - Winner!

  • Race: Terran Terran
  • Spawn Location: 7:00

VOD

Have the link to the VOD?

Description

Time

  • Played on: April 28, 2025, 11:20 p.m.
  • Length: 22:33
Show
View Real Time Build Order
Export as new Build Order

Imperius Terran - Winner!

Build Orders:  

Get SALT Encoding   

  12  0:04  SCV  
  13  0:21  SCV  
  14  0:38  SCV  
  15  0:45  Supply Depot  
  15  1:00  Refinery  
  15  1:08  Refinery  
  15  1:20  Barracks  
  15  1:23  SCV  
  16  1:40  SCV  
  17  1:57  SCV  
  18  2:14  SCV  
  19  2:29  Barracks  
  19  2:34  Factory  
  19  2:54  Barracks Reactor  
  19  2:59  SCV  
  20  3:16  SCV  
  21  3:33  SCV  
  21  3:37  Supply Depot  
  22  3:41  Factory Reactor  
  22  3:48  Factory Tech Lab  
  22  3:50  SCV  
  23  4:06  Command Center  
  23  4:09  Orbital Command  
  23  4:21  Barracks Reactor  
  23  4:23  Marine  
  23  4:24  Marine  
  25  4:42  Barracks Tech Lab  
  25  4:48  Marine  
  25  4:49  Marine  
  27  5:09  SCV  
  28  5:13  Marine  
  28  5:14  Marine  
  30  5:25  SCV  
  31  5:46  Marine  
  31  5:47  Supply Depot  
  32  5:54  Siege Tank  
  35  6:04  Marine x2  
  37  6:11  Marine  
  38  6:21  Starport  
  38  6:34  SCV  
  38  6:38  Siege Tank  
  42  6:51  SCV  
  43  7:08  SCV  
  44  7:21  Starport Reactor  
  44  7:23  Siege Tank  
  48  7:33  Orbital Command  
  47  7:45  Refinery  
  47  8:03  Marine x2  
  47  8:04  Marine  
  50  8:21  SCV  
  50  8:28  SCV, Marine x2  
  54  8:49  Supply Depot  
  54  9:19  SCV x2, Marine x2  
  58  9:21  Supply Depot  
  58  9:29  Marine  
  59  9:35  SCV  
  60  9:43  Marine x2  
  62  9:51  Siege Tank, Medivac x2  
  62  9:52  SCV  
  70  10:03  Supply Depot  
  70  10:21  Marine  
  70  10:22  Marine  
  70  10:24  Marine  
  70  10:26  SCV  
  69  10:33  Medivac x2  
  69  10:36  Siege Tank  
  76  10:43  SCV  
  76  10:45  Marine  
  78  11:21  Supply Depot  
  78  11:51  Siege Tank, Marine x3  
  84  12:16  Marine x2  
  86  12:37  Marine  
  85  12:41  Marine  
  86  13:06  Marine  
  86  14:16  Marine  
  86  14:17  Siege Tank  
  84  14:37  Marine x2  
  76  14:41  Marine  
  77  15:02  Siege Tank, Marine x2, Supply Depot  
  77  15:06  Marine  
  83  15:17  Unknown x2  
  86  15:32  Marine x2, Command Center  
  91  15:47  Siege Tank  
  94  16:17  Unknown  
  94  16:32  Unknown  
  94  17:12  Siege Tank, Medivac  
  91  17:54  Medivac  
  91  17:57  Siege Tank  
  96  18:08  Marine x3  
  99  18:12  Unknown, Medivac  
  101  18:33  Marine x3  
  101  18:36  Medivac  
  106  18:42  Siege Tank  
  109  18:54  Medivac  
  108  19:25  Marine  
  109  19:32  Supply Depot  
  109  19:43  Supply Depot  
  109  20:02  Siege Tank, Marine x3, Medivac  
  109  20:04  Supply Depot  
  117  20:13  Medivac  
  119  20:27  Marine x3  
  122  20:44  Viking  
  122  20:47  Siege Tank  
  127  20:52  Marine x3  
  130  21:17  Marine x2  
Tags
 
Matchup
Co-op
Add a new tag
Caveats
  • Supply blocks, unpowered buildings, or Contaminate may cause inaccurate times.
  • Supply counts are checked every 10 seconds.